 Dungeon Crawl Stone Soup version 0.31-a0-801-gc67433417a (webtiles) character file.

Game seed: 15647618023852432133

8 Essalna the Conjurer (level 2, 19/19 HPs)
             Began as a Demonspawn Conjurer on Sept 20, 2023.
             Got out of the dungeon alive.
             The game lasted 00:00:30 (401 turns).

Essalna the Conjurer (Demonspawn Conjurer)           Turns: 401, Time: 00:00:30

Health: 19/19      AC:  2    Str:  7    XL:     2   Next: 0%
Magic:  5/5        EV: 12    Int: 19    God:
Gold:   12         SH:  0    Dex: 13    Spells: 4/5 levels left

rFire   . . .        h - +0 dagger
rCold   . . .        (no shield)
rNeg    . . .        a - +0 robe
rPois   .            (no helmet)
rElec   .            (no cloak)
rCorr   .            (no gloves)
SInv    .            (no boots)
Will    .....        (no amulet)
Stlth   +++          (no ring)
HPRegen 0.23/turn    (no ring)
MPRegen 0.09/turn

%: no passive effects
@: no status effects
A: thin skeletal structure 1
a: no special abilities


You escaped.
You visited 1 branch of the dungeon, and saw 1 of its levels.

You collected 12 gold pieces.

Inventory:

Hand Weapons
 h - a +0 dagger (weapon)
Missiles
 e - 6 poisoned darts
Armour
 a - a +0 robe (worn)
Scrolls
 c - a scroll of teleportation {unknown}
 d - a scroll of fear {unknown}
 f - a scroll of identify {unknown}
 g - a scroll of revelation {unknown}
Potions
 b - a potion of magic


   Skills:
 - Level 1.7 Dodging
 - Level 1.7 Stealth
 + Level 2.3 Spellcasting
 + Level 4.2 Conjurations


You had 4 spell levels left.
You knew the following spells:

 Your Spells              Type           Power      Damage    Failure   Level
a - Magic Dart            Conj           72%        1d6       3%          1

Your spell library contained the following spells:

 Spells                   Type           Power      Damage    Failure   Level
 Searing Ray              Conj           36%        2d5       4%          2
 Dazzling Flash           Conj/Hex       20%        N/A       21%         3
 Fulminant Prism          Conj/Hex       5%         3d7       56%         4
 Iskenderun's Mystic Bla  Conj/Tloc      10%        2d4       56%         4


Dungeon Overview and Level Annotations

Branches:
Dungeon (1/15)

Altars:


Innate Abilities, Weirdness & Mutations

You have a somewhat thin skeletal structure. (Dex +2, Stealth+)


Message History

The goblin shouts!
The magic dart hits the goblin.
The goblin is almost dead.
The goblin barely misses you.
The magic dart hits the goblin.
You kill the goblin!
You are out of magic!
You are out of magic!
You see here a +0 club.
Found a stone staircase leading down.
A kobold comes into view. It is wielding a +0 dagger.
The kobold shouts!
The magic dart hits the kobold.
You kill the kobold!
You can't see any susceptible monsters within range! (Use Z to cast anyway.)
You can't see any susceptible monsters within range! (Use Z to cast anyway.)
Found a flux talisman.
Found a whip.
Unknown command.
Key pressed, stopping explore.
Unknown command.
Things that are here:
a +0 dagger; 4 stones
Things that are here:
a +0 dagger; 4 stones
h - a +0 dagger (weapon)
You open the door.
A ball python comes into view.
The magic dart hits the ball python.
You kill the ball python!
You have reached level 2!
Your demonic ancestry asserts itself...
Your bones become slightly less dense.
There is an open door here.
You see here a ball python corpse.
Key pressed, stopping explore.
There is an open door here.
There is an open door here.
There is a staircase leading out of the dungeon here.
You have escaped!

....##.....#.###+###
...........#.'.....#####
##..#####..###.....#...#
........#..# #..8..'.8.#
.....[..#..###.....#...#
.###.......#.+.....#####
.##..........###'###
..............#...#
..........##..#.@.#
..............#...#
......#...###.#####
..............
.....#........
.....#........
.....#........
.....#........
..............


There were no monsters in sight!

Vanquished Creatures
  A bat (D:1)
  An endoplasm (D:1)
  A goblin (D:1)
  A hobgoblin (D:1)
  A kobold (D:1)
  A ball python (D:1)
  A rat (D:1)
7 creatures vanquished.

Notes
Turn   | Place    | Note
-------+----------+-------------------------------------------
     0 | D:1      | Essalna the Demonspawn Conjurer began the quest for the
                  | Orb.
     0 | D:1      | Reached XP level 1. HP: 13/13 MP: 3/3
   307 | D:1      | Gained mutation: You have a somewhat thin skeletal
                  | structure. (Dex +2, Stealth+) [demonic ancestry]
   307 | D:1      | Reached XP level 2. HP: 19/19 MP: 3/5
   401 | D:$      | Got out of the dungeon alive.

Illustrated notes

Levels and vault maps discovered:
D:1:      minmay_arrival_stair_chambers, layout_basic

Action                     || total
---------------------------++-------
   Cast: Magic Dart        ||    13
  Dodge: Dodged            ||     1

Table legend: (Time is in decaauts)
 A = Elapsed time spent in this place.
 B = Non-inter-level travel time spent in this place.
 C = Inter-level travel time spent in this place.
 D = Time resting spent in this place.
 E = Time spent auto-exploring this place.
 F = Levels seen in this place.
 G = Mean time per level.
                   A        B        C        D        E       F      G
               +--------+--------+--------+--------+--------+-----+--------+
         Total |    400 |    372 |     28 |      0 |    314 |   1 |  400.0 |
       Dungeon |    400 |    372 |     28 |      0 |    314 |   1 |  400.0 |
               +--------+--------+--------+--------+--------+-----+--------+

Top non-repeatable levels by time:
     D:1: 400 daAuts
